 Dungeon Crawl Stone Soup version 0.25-a0-10-g2fe12d4 (webtiles) character file.

Game seed: 9573116772213102942, levelgen mode: deterministic

53 DungMuncher the Chopper (level 3, 0/33 HPs)
             Began as a Hill Orc Monk on Oct 15, 2019.
             Slain by an adder (2 damage)
             ... on level 2 of the Dungeon.
             The game lasted 00:03:59 (1064 turns).

DungMuncher the Chopper (Hill Orc Monk)             Turns: 1064, Time: 00:04:00

Health: 0/33       AC:  3    Str: 13    XL:     3   Next: 87%
Magic:  3/3        EV: 13    Int: 10    God:
Gold:   26         SH:  0    Dex: 14    Spells: 2/2 levels left

rFire    . . .     SeeInvis .   a - +0 hand axe
rCold    . . .     Gourm    .   (no shield)
rNeg     . . .     Faith    .   b - +0 robe
rPois    .         Spirit   .   e - +0 helmet
rElec    .         Reflect  .   (no cloak)
rCorr    .         Harm     .   (no gloves)
MR       .....                  (no boots)
Stlth    ++........             (no amulet)
HPRegen  0.11/turn              (no ring)
MPRegen  0.08/turn              (no ring)

@: lethally poisoned (0 -> -4)
A: no striking features
a: no special abilities


You were on level 2 of the Dungeon.
You were hungry.

You visited 1 branch of the dungeon, and saw 2 of its levels.

You collected 26 gold pieces.

Inventory:

Hand Weapons
 a - a +0 hand axe (weapon)
Missiles
 k - 16 poisoned darts (quivered)
Armour
 b - a +0 robe (worn)
 e - a +0 helmet (worn)
 j - a +0 scale mail
Scrolls
 d - 2 scrolls of teleportation {unknown}
 f - a scroll of amnesia {unknown}
 g - 3 scrolls of remove curse {unknown}
 h - a scroll of noise {unknown}
 i - a scroll of magic mapping {unknown}
Potions
 l - a potion of berserk rage {unknown}
Comestibles
 c - 3 rations


   Skills:
 + Level 4.3 Fighting
 * Level 4.9 Axes
 + Level 2.9 Dodging
 - Level 1.6 Stealth


You had 2 spell levels left.
You didn't know any spells.
Your spell library was empty.

Dungeon Overview and Level Annotations

Branches:
Dungeon (2/15)

Altars:


Message History

You feel sick. The adder barely misses you. The adder closely misses you.
You closely miss the adder.
The adder is moderately wounded.
The adder barely misses you.
You barely miss the adder.
The adder is moderately wounded.
* * * LOW HITPOINT WARNING * * *
You feel sick. The adder bites you.
* * * LOW HITPOINT WARNING * * *
You hit the adder.
The adder is heavily wounded.
The adder bites you but does no damage. The adder barely misses you.
You miss the adder.
The adder is heavily wounded.
* * * LOW HITPOINT WARNING * * *
You feel sick. The adder completely misses you.
You hit the adder.
The adder is severely wounded.
The adder bites you.
You die...

#. # #. ... #.
#.#####.#
#.###.......###
#........##...
#........##.##
#........#...####..
#.....@S...........
##.......#!..####
#%......##.######.#
#.......##..<<....#
###################


You could see an adder.

Vanquished Creatures
  An adder (D:2)
  2 dart slugs (D:1)
  2 leopard geckos (D:1)
  4 bats (D:1)
  2 giant cockroaches (D:1)
  6 goblins (D:1)
  5 hobgoblins (D:1)
  7 kobolds (D:1)
  A ball python (D:1)
  3 frilled lizards
  2 rats (D:1)
35 creatures vanquished.

Notes
Turn   | Place    | Note
-------+----------+-------------------------------------------
     0 | D:1      | DungMuncher the Hill Orc Monk began the quest for the Orb.
     0 | D:1      | Reached XP level 1. HP: 19/19 MP: 1/1
     2 | D:1      | Noticed a formicid
     3 | D:1      | Noticed an elf
     5 | D:1      | Noticed a minotaur
     7 | D:1      | Noticed a naga
     7 | D:1      | Noticed a troll
     9 | D:1      | Noticed a dwarf
     9 | D:1      | Noticed an ogre
    11 | D:1      | Noticed a spriggan
    11 | D:1      | Noticed a vampire
    13 | D:1      | Noticed a demigod
    13 | D:1      | Noticed a draconian
    15 | D:1      | Noticed a tengu
    15 | D:1      | Noticed a felid
    17 | D:1      | Noticed a gargoyle
    21 | D:1      | Noticed a human
    21 | D:1      | Noticed a merfolk
    23 | D:1      | Noticed a demonspawn
    23 | D:1      | Noticed a halfling
    25 | D:1      | Noticed a centaur
    25 | D:1      | Noticed a ghoul
    27 | D:1      | Noticed a vine stalker
    27 | D:1      | Noticed an octopode
   115 | D:1      | Reached XP level 2. HP: 23/27 MP: 2/2
   412 | D:1      | Reached XP level 3. HP: 33/33 MP: 3/3
  1064 | D:2      | Slain by an adder

Levels and vault maps discovered:
D:1:      kb_arrival_jail, layout_rooms, hangedman_decor_push,
          minmay_heptomino_d4
D:2:      layout_loops_ring, xom_butterflies, lemuel_doored_altar,
          chequers_ecumenical_altar_island, first_ration, uniq_terence,
          uniq_robin

Skill      XL: |  1  2 |
---------------+-------+-----
Fighting       | 4 |  4.3
Axes           | |  4.9
Dodging        | |  2.9
Stealth        | |  1.6

Action                   || total
-------------------------++-------
Melee: Hand axe          ||   128
 Stab: Sleeping          ||     1
Armor: Robe              ||    47
Dodge: Dodged            ||   120

Table legend:
 A = Non-vault XP
 B = Vault XP
 C = Vault XP percentage of total XP
 D = Non-vault monster count
 E = Vault monster count
 F = Vault count percentage of total count
                 A         B        C        D         E       F
            +---------+---------+-------+---------+---------+-------
      Total |      68 |       8 |  10.5 |      31 |       4 |  11.4
            +---------+---------+-------+---------+---------+-------
        D:1 |      54 |       8 |  12.9 |      29 |       4 |  12.1
        D:2 |      14 |       0 |   0.0 |       2 |       0 |   0.0
            +---------+---------+-------+---------+---------+-------
